 Dungeon Crawl Stone Soup version 0.28-a0-863-g8cecda6153 (webtiles) character file.

Game seed: 14603733871337909625

53 kae the Ruffian (level 3, 0/29 HPs)
             Began as a Draconian Transmuter on Nov 16, 2021.
             Slain by a gnoll (7 damage)
             ... on level 2 of the Dungeon.
             The game lasted 00:01:08 (1581 turns).

kae the Ruffian (Draconian Transmuter)              Turns: 1581, Time: 00:01:08

Health: 0/29       AC:  2    Str: 12    XL:     3   Next: 62%
Magic:  3/6        EV: 19    Int: 14    God:
Gold:   50         SH:  0    Dex: 16    Spells: 2/6 levels left

rFire   . . .      SeeInvis .     - Unarmed
rCold   . . .      Faith    .   (shield currently unavailable)
rNeg    . . .      Spirit   .   (armour unavailable)
rPois   x          Reflect  .   (helmet currently unavailable)
rElec   .          Harm     .   (cloak currently unavailable)
rCorr   .          Rampage  .   (gloves currently unavailable)
Will    .....                   (boots currently unavailable)
Stlth   +.........              (no amulet)
HPRegen 0.09/turn               (no ring)
MPRegen 0.10/turn               (no ring)

@: spider-form (expiring)
A: venomous fangs, AC +5, tiny, unfitting armour, (cold-blooded)
a: End Transformation


You were on level 2 of the Dungeon.
You were a venomous arachnid creature.
You visited 1 branch of the dungeon, and saw 2 of its levels.

You collected 50 gold pieces.

Inventory:

Jewellery
 c - a ring of protection from cold
Scrolls
 a - a scroll of identify {unknown}
 d - a scroll of teleportation {unknown}
Potions
 b - a potion of ambrosia {unknown}
 e - a potion of attraction {unknown}


   Skills:
 + Level 2.0 Fighting
 - Level 1.7 Dodging
 * Level 3.7 Unarmed Combat
 + Level 2.4 Spellcasting
 + Level 2.4 Transmutations


You had 2 spell levels left.
You knew the following spells:

 Your Spells              Type           Power      Damage    Failure   Level
a - Beastly Appendage     Tmut           16%        N/A       22%         1
b - Spider Form           Tmut/Pois      5%         N/A       61%         3

Your spell library contained the following spells:

 Spells                   Type           Power      Damage    Failure   Level
 Wereblood                Tmut           8%         N/A       28%         2
 Corpse Rot               Necr/Air       2%         N/A       56%         2
 Poisonous Vapours        Pois/Air       2%         N/A       56%         2
 Ice Form                 Ice/Tmut       5%         N/A       92%         4


Dungeon Overview and Level Annotations

Branches:
Dungeon (2/15)

Altars:


Innate Abilities, Weirdness & Mutations

You are a venomous arachnid creature.
You have poisonous fangs.
You are tiny and dextrous.
Your spellcasting is less reliable in this form.
Your armour is entirely melded.
You are incapable of wielding weapons or throwing items.
((Your plain brown scales are hard. (AC +5)))
You cannot fit into any form of body armour.
((You are cold-blooded and may be slowed by cold attacks.))


Message History

The hobgoblin is almost dead.
You kill the hobgoblin!
The gnoll completely misses you.
You hit the gnoll but do no damage.
The gnoll is poisoned.
You hit the gnoll.
The gnoll looks as sick as possible!
The gnoll is moderately wounded.
The gnoll hits you with a +0 whip.
You are too injured to fight recklessly!
You are too injured to fight recklessly!
You are too injured to fight recklessly!
You hit the gnoll but do no damage.
The gnoll is moderately wounded.
The gnoll hits you but does no damage.
You hit the gnoll.
The gnoll looks as sick as possible!
The gnoll is severely wounded.
You kill the gnoll!
Your Fighting skill increases to level 2!
Things that are here:
a +0 whip; a gnoll corpse You start resting.
Your transformation has ended.
You start resting.
Magic restored.
HP restored.
Casting: Spider Form (extremely dangerous; 38% risk of failure)
Confirm with . or Enter, or press ? or * to list all spells.
The spell is extremely dangerous to cast (38% risk of failure)!
Continue anyway? [Y]es or [N]o only, please.
The spell is extremely dangerous to cast (38% risk of failure)!
Continue anyway?
You turn into a venomous arachnid creature.
There is a stone staircase leading down here.
You climb downwards.
Your transformation is almost over.
The goblin shoots a stone.
The stone hits you.
The gnoll hits you with a +1 whip of pain!
The gnoll hits you with a +0 flail!
* * * LOW HITPOINT WARNING * * *
The goblin shoots a stone.
The stone misses you. The gnoll closely misses you.
The gnoll hits you with a +0 flail!
You die...

####......+......#.######. .##
##.........##.#...#.# #... ..
..................#.####.#. .#
.#.....................#. .#
#............#.#....#### .#
#....#.................. .#
#............#.#.....### .#
#.###.......#.........#....# .#
#.........gs..#........#.#.#
###########...##g#...#......#.#..
..............÷....)...........##
...................g..g..........
######.###############.#.......##
.......# #######.#....##..#
..###### #......g#..#...#.# ..#
#.####..†....^.#.. ..# #.#
#.##########.


You could see 2 gnolls and a goblin.

Vanquished Creatures
  A gnoll (D:1)
  An adder (D:2)
  A dart slug (D:1)
  An endoplasm (D:1)
  A giant cockroach (D:2)
  6 goblins
  6 hobgoblins (D:1)
  3 kobolds (D:1)
  2 ball pythons
  5 bats
  2 frilled lizards
  A rat (D:1)
30 creatures vanquished.

Notes
Turn   | Place    | Note
-------+----------+-------------------------------------------
     0 | D:1      | kae the Draconian Transmuter began the quest for the Orb.
     0 | D:1      | Reached XP level 1. HP: 16/16 MP: 3/3
    58 | D:1      | Reached XP level 2. HP: 12/23 MP: 3/5
   933 | D:2      | Reached XP level 3. HP: 29/29 MP: 4/6
  1062 | D:2      | Learned a level 3 spell: Spider Form
  1581 | D:2      | Slain by a gnoll

Illustrated notes

Levels and vault maps discovered:
D:1:      dpeg_arrival_shrine, layout_rooms, chequers_serial_rivers_marsh
D:2:      layout_basic

Skill      XL: |  1  2  3 |
---------------+----------+-----
Fighting       | 2 |  2.0
Dodging        | |  1.7
Unarmed Combat | |  3.7
Spellcasting   | |  2.4
Transmutations | |  2.4

Action                   || total
-------------------------++-------
Melee: Unarmed           ||    96
       Headbutt          ||     5
       Tailslap          ||    11
       Kick              ||     5
 Cast: Beastly Appendage ||    14
       Spider Form       ||     2
  Use: Scroll            ||     1
 Stab: Sleeping          ||     1
Armor: Skin              ||    38
Dodge: Dodged            ||    97

Table legend: (Time is in decaauts)
 A = Elapsed time spent in this place.
 B = Non-inter-level travel time spent in this place.
 C = Inter-level travel time spent in this place.
 D = Time resting spent in this place.
 E = Time spent auto-exploring this place.
 F = Levels seen in this place.
 G = Mean time per level.
                   A        B        C        D        E       F      G
               +--------+--------+--------+--------+--------+-----+--------+
         Total |   1585 |   1555 |     30 |    206 |   1031 |   2 |  792.5 |
       Dungeon |   1585 |   1555 |     30 |    206 |   1031 |   2 |  792.5 |
               +--------+--------+--------+--------+--------+-----+--------+

Top non-repeatable levels by time:
     D:1: 1106 daAuts
     D:2: 479 daAuts
